 Dungeon Crawl Stone Soup version 0.28-a0-863-g8cecda6153 (webtiles) character file.

Game seed: 13059447366876837348

113754 wakim the Brawler (level 16, -7/167 HPs)
             Began as a Troll Hunter on Nov 18, 2021.
             Was a High Priest of Qazlal.
             Mangled by a goliath frog (14 damage)
             ... on level 2 of the Swamp.
             The game lasted 02:04:02 (29974 turns).

wakim the Brawler (Troll Hunter)                   Turns: 29974, Time: 02:04:03

Health: -7/167     AC: 15    Str: 24    XL:     16   Next: 14%
Magic:  22/22      EV: 10    Int:  7    God:    Qazlal [*****.]
Gold:   1077       SH: 17    Dex: 10    Spells: 15/15 levels left

rFire   + . .      SeeInvis .     - Unarmed
rCold   + . .      Faith    .   b - +0 kite shield
rNeg    + . .      Spirit   .   g - +1 swamp dragon scales
rPois   +          Reflect  .   s - +2 hat {Will+}
rElec   +          Harm     .   P - scarf {shadows}
rCorr   .          Rampage  .   (gloves unavailable)
Will    +++..                   (boots unavailable)
Stlth   ..........              k - amulet of magic regeneration
HPRegen 1.37/turn               a - ring of Xicyoluw {rElec rC+ rN+ Dex-5}
MPRegen 0.43/turn               i - ring "Mozeomp" {Fly rF+ Will+ Stlth-}

@: protected from physical damage, flying, repel missiles
A: large, unfitting armour, claws 3, regeneration 1, shaggy fur 1, tough skin 1
a: Renounce Religion, Upheaval, Elemental Force, Disaster Area


You were on level 2 of the Swamp.
You worshipped Qazlal.
Qazlal was extremely pleased with you.
You visited 5 branches of the dungeon, and saw 26 of its levels.
You also visited: Ice Cave.

You collected 3248 gold pieces.
You spent 2171 gold pieces at shops.

Inventory:

Missiles
 c - 20 large rocks {=f}
 d - 4 boomerangs (quivered)
 e - 3 throwing nets {=f!f}
 n - 59 poisoned darts
 u - 3 curare-tipped darts {=f}
Armour
 b - a +0 kite shield (worn)
 g - +1 swamp dragon scales (worn)
 h - a +1 tower shield
 s - a +2 hat of willpower (worn)
 P - a scarf of shadows (worn)
Jewellery
 a - the ring of Xicyoluw (left claw) {rElec rC+ rN+ Dex-5}
   (You bought it in a shop on level 10 of the Dungeon)

   [ring of positive energy]

   Dex:       It affects your dexterity (-5).
   rC:        It protects you from cold.
   rElec:     It insulates you from electricity.
   rN:        It protects you from negative energy.
 f - a +4 ring of evasion
 i - the ring "Mozeomp" (right claw) {Fly rF+ Will+ Stlth-}
   (You bought it in a shop on level 10 of the Dungeon)

   [ring of flight]

   rF:        It protects you from fire.
   Fly:       It grants you flight.
   Will:      It increases your willpower.
   Stlth:     It makes you less stealthy.
 j - the ring of Orane {Fire Int+4 Stlth+}
   (You bought it in a shop on level 2 of the Orcish Mines)

   [ring of fire]

   It enhances your fire magic.
   Int:       It affects your intelligence (+4).
   rF:        It protects you from fire.
   rC:        It makes you vulnerable to cold.
   Stlth:     It makes you more stealthy.
 k - an amulet of magic regeneration (around neck)
 p - a ring of see invisible
 q - a ring of poison resistance
Wands
 t - a wand of digging (5)
 v - a wand of flame (115)
 w - a wand of acid (15)
 x - a wand of charming (7)
 y - a wand of paralysis (11)
 D - a wand of iceblast (32)
Scrolls
 o - 7 scrolls of enchant armour
 Q - 8 scrolls of immolation {!r!r}
 R - 4 scrolls of magic mapping {!r}
 S - 4 scrolls of summoning
 T - 9 scrolls of teleportation
 U - 2 scrolls of fear
 W - a scroll of holy word
 X - 7 scrolls of fog
 Y - 5 scrolls of blinking {!r}
 Z - a scroll of silence {!r}
Potions
 A - 2 potions of ambrosia
 B - a potion of attraction {!q}
 C - a potion of berserk rage {!q}
 F - 9 potions of curing
 H - 3 potions of haste
 I - a potion of invisibility
 J - 4 potions of heal wounds
 K - 2 potions of magic
 L - a potion of lignification {!q}
 M - 3 potions of mutation {!q}
 N - 5 potions of might
 O - 2 potions of resistance
Miscellaneous
 l - a condenser vane (inert)
 m - a phantom mirror


   Skills:
 + Level 12.5 Fighting
 - Level 8.0 Throwing
 - Level 6.0 Dodging
 - Level 0.3 Stealth
 * Level 11.0 Shields
 + Level 16.5 Unarmed Combat
 + Level 10.6 Invocations


You had 15 spell levels left.
You didn't know any spells.
Your spell library contained the following spells:

 Spells                   Type           Power      Damage    Failure   Level
 Apportation              Tloc           0%         N/A       58%         1
 Beastly Appendage        Tmut           0%         N/A       58%         1
 Magic Dart               Conj           0%         1d3       58%         1
 Call Imp                 Summ           0%         N/A       73%         2
 Ensorcelled Hibernation  Hex/Ice        0%         N/A       73%         2
 Searing Ray              Conj           0%         2d4       73%         2
 Wereblood                Tmut           0%         N/A       73%         2
 Gell's Gravitas          Tloc           0%         N/A       91%         3
 Lesser Beckoning         Tloc           0%         N/A       91%         3
 Mephitic Cloud           Conj/Pois/Air  0%         N/A       91%         3
 Spider Form              Tmut/Pois      0%         N/A       91%         3
 Teleport Other           Tloc           0%         N/A       91%         3
 Tukima's Dance           Hex            0%         N/A       91%         3
 Fulminant Prism          Conj/Hex       0%         3d6       100%        4
 Alistair's Intoxication  Tmut/Pois      0%         N/A       100%        5
 Iskenderun's Battlesphe  Conj           0%         2d6       100%        5
 Summon Forest            Summ/Tloc      0%         N/A       100%        5
 Summon Mana Viper        Hex/Summ       0%         N/A       100%        5
 Iron Shot                Conj/Erth      0%         9d1       100%        6
 Summon Cactus Giant      Summ           0%         N/A       100%        6
 Spellforged Servitor     Conj/Summ      0%         N/A       100%        7


Dungeon Overview and Level Annotations

Branches:
Dungeon (15/15)            Temple (1/1) D:4            Lair (6/6) D:9
  Swamp (2/4) Lair:3        Snake (0/4) Lair:4        Slime (0/5) Lair:6
    Orc (2/2) D:12            Elf (0/3) Orc:2        Vaults (0/5) D:14
 Depths (0/4) D:15          IceCv (visited)

Altars:
Ashenzari
Cheibriados
Dithmenos
Elyvilon
Fedhas
Gozag
Hepliaklqana
Kikubaaqudgha
Makhleb
Nemelex Xobeh
Okawaru
Qazlal
Ru
Sif Muna
Trog
Uskayaw
Vehumet
Wu Jian
Xom
Yredelemnul
Zin
The Shining One
Beogh

Shops:
D:10 ?=:   D:15 ?   Orc:2 [**?

Portals:
Hell: Lair:6
Abyss: Swamp:1

Annotations:
Swamp:1 2 transporters, Protee's ghost, journeyman DsIE


Innate Abilities, Weirdness & Mutations

You are too large for most types of armour.
You have claws for hands.
Your natural rate of healing is unusually fast.
You are covered in fur. (AC +1)
You have tough skin. (AC +1)


Message History

A swamp drake comes into view.
You block the seven-headed hydra's attack. x2
The seven-headed hydra barely misses you.
The seven-headed hydra bites you but does no damage.
The seven-headed hydra barely misses you.
You block the seven-headed hydra's attack. x2
The foxfire hits you! You resist.
Your resistance to physical damage fades away.
You feel protected from fire.
* * * LOW HITPOINT WARNING * * *
You block the goliath frog's attack.
A spriggan druid comes into view. It is wielding a +0 quarterstaff.
The swamp drake roars!
The spriggan druid shouts!
The foxfire hits you! You resist.
You feel more protected from fire.
* * * LOW HITPOINT WARNING * * *
There is a stone staircase leading up, spattered with blood here.
You hear a roar!
The eight-headed hydra bites you.
* * * LOW HITPOINT WARNING * * *
The eight-headed hydra bites you.
* * * LOW HITPOINT WARNING * * *
Your resistance to fire fades away.
You feel protected from physical attacks.
The eight-headed hydra bites you but does no damage.
You block the eight-headed hydra's attack.
The eight-headed hydra bites you but does no damage. x2
You block the eight-headed hydra's attack. x2
The seven-headed hydra completely misses you.
The seven-headed hydra bites you!
* * * LOW HITPOINT WARNING * * *
You feel more protected from physical attacks.
The seven-headed hydra closely misses you.
The seven-headed hydra bites you.
* * * LOW HITPOINT WARNING * * *
You block the seven-headed hydra's attack.
The seven-headed hydra closely misses you.
You block the seven-headed hydra's attack.
The goliath frog hits you from afar!
You die...

♣♣≈.....≈..
♣.≈≈...."§.
≈≈..≈≈i≈♣..
..≈≈≈k.♣.. .
≈§≈≈§...≈ .♣.
♣○≈§≈..≈≈ ...♣
♣@≈≈§....
≈≈≈$♣♣DD≈....≈
≈≈≈.§wF.§°...≈
≈≈≈§≈≈≈.♣♣.≈♣♣
.§§.≈≈.≈♣ ♣♣
....§≈≈≈≈♣
...≈♣♣♣♣.≈♣
...♣ ..♣ ..♣
≈≈♣


You could see an eight-headed hydra, a seven-headed hydra, a spriggan druid, a
goliath frog, a swamp worm and a swamp drake.

Vanquished Creatures
  Jorgrun (D:13)
  Rupert (D:13)
  Gastronok (D:12)
  Frances (Swamp:1)
  An orc warlord (Orc:1)
  The ghost of Atont the Cleaver, a journeyman DDFi of Okawaru (Lair:4)
  The ghost of kae the Grappler, a journeyman DrTm of the Shining One (Lair:1)
  An eleionoma (Swamp:1)
  The ghost of mcbry74 the Cleaver, a journeyman HOFi of Wu Jian (Lair:1)
  A hell beast (Lair:6)
  Harold (D:8)
  2 ice dragons (D:15)
  8 boulder beetles
  10 hydras
  13 death yaks
  2 catoblepae
  4 centaur warriors
  2 alligators (Swamp:1)
  5 two-headed ogres
  2 tengu warriors
  2 orc high priests (Orc:1)
  The ghost of Zanta616 the Ogre Mage, a novice OgWz of Ashenzari (D:8)
  A goliath frog (Swamp:1)
  A bog body (Swamp:1)
  2 spriggan druids (Swamp:1)
  A lindwurm (Lair:6)
  A wizard (Lair:6)
  4 orc knights
  A deep elf archer (Orc:1)
  3 orc sorcerers
  3 deep elf pyromancers
  An ugly thing (D:11)
  A deep elf zephyrmancer (Orc:1)
  4 cyclopes
  2 will-o-the-wisps
  5 manticores
  An ice statue (IceCv)
  5 black mambas
  2 orange demons (Lair:6)
  19 elephants
  A black mamba (shapeshifter) (D:14)
  A torpor snail (Lair:3)
  12 cane toads
  Maggie (D:9)
  12 rime drakes
  2 unseen horrors
  16 komodo dragons
  An ice devil (Lair:6)
  3 trolls
  A red devil (Lair:6)
  5 tyrant leeches
  8 polar bears
  26 blink frogs
  Prince Ribbit (D:6)
  A hornet (D:7)
  A blink frog (shapeshifter) (D:13)
  5 dream sheep (Lair:5)
  A raiju (shapeshifter) (D:14)
  2 shadows (D:12)
  A vampire (D:12)
  2 yaks (shapeshifter)
  4 wyverns
  2 wraiths
  Grum (D:11)
  59 yaks
  A human (shapeshifter) (D:14)
  7 basilisks
  4 wargs (Orc:1)
  4 nagas (Lair:4)
  6 swamp worms
  15 water moccasins
  2 acid dragons
  3 hell hounds (Lair:6)
  4 black bears
  A hornet zombie (D:9)
  A sky beast (D:6)
  2 necrophages
  32 orc warriors
  5 ogres
  22 wolves
  5 phantoms
  28 centaurs
  2 kobold brigands (D:8)
  Blork the orc (D:5)
  13 bullfrogs
  3 scorpions
  A water moccasin zombie (D:7)
  6 killer bees (D:9)
  12 wights
  11 electric eels
  3 centaur zombies
  2 howler monkeys
  2 bullfrog zombies
  4 hounds
  A centaur skeleton (D:4)
  14 orc priests
  4 gnoll shamans
  5 iguanas
  17 orc wizards
  6 ogre zombies (D:12)
  A hound zombie (D:5)
  A hound skeleton (D:4)
  2 howler monkey zombies (D:7)
  29 gnolls
  6 adders
  A white imp (D:7)
  An ufetubus (D:7)
  3 adder skeletons (D:4)
  A worm (D:4)
  3 dart slugs
  66 orcs
  A bat (D:1)
  11 endoplasms
  5 giant cockroaches
  7 goblins
  7 hobgoblins
  5 jackals
  2 quokkas
  5 ball pythons
  2 frilled lizards (D:3)
  3 goblin zombies (D:12)
  2 hobgoblin skeletons (D:12)
  A hobgoblin zombie (D:12)
  15 kobolds
  13 orc zombies (D:12)
  5 rats
735 creatures vanquished.

Vanquished Creatures (collateral kills)
  A frost giant (IceCv)
  A death yak (IceCv)
  An ice devil (Lair:6)
  A hellwing (Lair:6)
  A red devil (Lair:6)
  A warg (Orc:2)
  A water moccasin (Lair:6)
  A hell hound (Lair:6)
  6 centaurs (Orc:2)
  An orc (Orc:2)
15 creatures vanquished.

Vanquished Creatures (others)
  A bloated husk (Swamp:2)
  2 orcs (D:9)
  16 foxfires
  52 fungi
  39 plants
110 creatures vanquished.

Grand Total: 860 creatures vanquished

Notes
Turn   | Place    | Note
-------+----------+-------------------------------------------
     0 | D:1      | wakim the Troll Hunter began the quest for the Orb.
     0 | D:1      | Reached XP level 1. HP: 19/19 MP: 0/0
   254 | D:1      | Reached XP level 2. HP: 28/28 MP: 1/1
   273 | D:1      | Reached skill level 1 in Unarmed Combat
   562 | D:1      | Found a faded altar of an unknown god.
  1010 | D:2      | Reached XP level 3. HP: 26/35 MP: 2/2
  1423 | D:3      | Reached skill level 2 in Unarmed Combat
  1423 | D:3      | Reached XP level 4. HP: 44/44 MP: 3/3
  1995 | D:3      | Reached skill level 3 in Unarmed Combat
  2489 | D:4      | Reached XP level 5. HP: 53/53 MP: 4/4
  2601 | D:4      | Noticed a black bear
  2815 | D:4      | Found a staircase to the Ecumenical Temple.
  2830 | Temple   | Entered the Ecumenical Temple
  3264 | Temple   | Became a worshipper of Qazlal Stormbringer
  3642 | D:4      | Noticed a phantom
  3658 | D:4      | Killed a phantom
  3659 | D:4      | Reached skill level 4 in Unarmed Combat
  3659 | D:4      | Reached XP level 6. HP: 58/61 MP: 5/5
  3961 | D:4      | Reached skill level 1 in Invocations
  4067 | D:4      | Reached XP level 7. HP: 26/68 MP: 6/6
  4341 | D:4      | Reached skill level 5 in Unarmed Combat
  4432 | D:4      | Reached * piety under Qazlal
  4601 | D:4      | Reached XP level 8. HP: 73/79 MP: 8/8
  4660 | D:5      | Entered Level 5 of the Dungeon
  4798 | D:5      | Reached skill level 5 in Fighting
  4960 | D:5      | Reached skill level 6 in Unarmed Combat
  5399 | D:5      | Reached skill level 5 in Throwing
  5808 | D:5      | Noticed Blork the orc
  5822 | D:5      | Killed Blork the orc
  6200 | D:6      | Reached XP level 9. HP: 86/88 MP: 10/10
  6470 | D:6      | Reached skill level 7 in Unarmed Combat
  6745 | D:6      | Reached ** piety under Qazlal
  6756 | D:6      | You fall into a shaft and drop 3 floors!
  6944 | D:8      | Noticed Harold
  7356 | D:7      | Reached skill level 8 in Unarmed Combat
  7434 | D:7      | Reached *** piety under Qazlal
  7510 | D:7      | Noticed Prince Ribbit
  7518 | D:6      | Reached XP level 10. HP: 82/100 MP: 12/12
  7562 | D:6      | Killed Prince Ribbit
  7710 | D:7      | Found a hazy altar of Hepliaklqana.
  7710 | D:7      | Found a shadowy altar of Dithmenos.
  8346 | D:8      | Found a runed translucent gate.
  8347 | D:8      | Found a runed translucent gate.
  8348 | D:8      | Found a runed translucent gate.
  8348 | D:8      | Noticed Zanta616's ghost (novice OgWz)
  8351 | D:8      | Identified the +7 chain mail of Tudus {Regen+ Int+9 Stlth-}
  8700 | D:8      | Paralysed by a hornet for 3 turns
  8990 | D:8      | Killed Harold
  8991 | D:8      | Reached skill level 5 in Dodging
  9358 | D:9      | Noticed a two-headed ogre
  9487 | D:9      | Killed a two-headed ogre
  9488 | D:9      | Reached skill level 9 in Unarmed Combat
  9488 | D:9      | Reached skill level 5 in Invocations
  9522 | D:9      | Found a staircase to the Lair.
  9600 | D:9      | Noticed Maggie
 10273 | D:9      | Reached XP level 11. HP: 81/111 MP: 13/13
 10486 | D:10     | Entered Level 10 of the Dungeon
 10488 | D:10     | Noticed a two-headed ogre
 10596 | D:9      | Killed Maggie
 10631 | D:10     | Noticed a two-headed ogre
 10760 | D:10     | Found Yzumpas's Magic Scroll Shoppe.
 10768 | D:10     | Bought a scroll of holy word for 112 gold pieces
 10768 | D:10     | Bought a scroll of immolation for 52 gold pieces
 10768 | D:10     | Bought a scroll of identify for 30 gold pieces
 10768 | D:10     | Bought 2 scrolls of fear for 105 gold pieces
 10768 | D:10     | Bought a scroll of identify for 30 gold pieces
 10768 | D:10     | Bought a scroll of identify for 30 gold pieces
 10889 | D:10     | Killed a two-headed ogre
 10933 | D:10     | Killed a two-headed ogre
 10933 | D:10     | Reached **** piety under Qazlal
 10934 | D:10     | Reached skill level 1 in Shields
 11442 | D:10     | Found Hezaol's Jewellery Shop.
 11450 | D:10     | Bought the ring "Mozeomp" {Fly rF+ Will+ Stlth-} for 499
                  | gold pieces
 11456 | D:10     | Found Foatsoor's Book Shoppe.
 11597 | D:11     | Reached skill level 10 in Unarmed Combat
 11807 | D:11     | Noticed a boulder beetle
 11820 | D:11     | Killed a boulder beetle
 11905 | D:11     | Noticed Grum
 11919 | D:11     | Killed Grum
 11972 | D:11     | Noticed a five-headed hydra
 11981 | D:11     | Killed a six-headed hydra
 12022 | D:11     | Identified the +6 war axe "Loran" {venom, Int+4}
 12648 | D:11     | Noticed a brown ugly thing
 12679 | D:11     | Killed a brown ugly thing
 12866 | D:11     | Noticed a boulder beetle
 12878 | D:11     | Killed a boulder beetle
 12879 | D:11     | Reached XP level 12. HP: 123/123 MP: 15/15
 13063 | Lair:1   | Entered Level 1 of the Lair of Beasts
 13188 | Lair:1   | Found a runed translucent gate.
 13188 | Lair:1   | Found a runed translucent gate.
 13189 | Lair:1   | Found a runed translucent gate.
 13191 | Lair:1   | Noticed mcbry74's ghost (journeyman HOFi)
 13191 | Lair:1   | Noticed kae's ghost (journeyman DrTm)
 13875 | Lair:2   | Noticed an eight-headed hydra
 13892 | Lair:1   | Reached skill level 11 in Unarmed Combat
 13940 | Lair:2   | Killed a nine-headed hydra
 14264 | Lair:2   | Identified the +0 robe "Icloaw" {rF+ Int+3}
 14372 | Lair:2   | Noticed a six-headed hydra
 14391 | Lair:2   | Killed a six-headed hydra
 15193 | Lair:3   | Reached skill level 5 in Shields
 15324 | Lair:3   | Reached skill level 10 in Fighting
 15420 | Lair:3   | Reached ***** piety under Qazlal
 15429 | Lair:3   | Reached skill level 12 in Unarmed Combat
 15571 | Lair:3   | Found a hazy altar of Hepliaklqana.
 15685 | Lair:3   | Reached XP level 13. HP: 133/133 MP: 17/17
 16020 | Lair:3   | Found a staircase to the Swamp.
 16610 | Lair:4   | Found a frozen archway.
 16641 | IceCv    | Entered an ice cave
 16986 | IceCv    | Noticed a frost giant
 17051 | IceCv    | Killed a frost giant
 17118 | IceCv    | Reached skill level 13 in Unarmed Combat
 17764 | D:10     | Bought the ring of Xicyoluw {rElec rC+ rN+ Dex-5} for 427
                  | gold pieces
 18059 | D:8      | Killed Zanta616's ghost
 18216 | Lair:1   | Killed kae's ghost
 18267 | Lair:1   | Killed mcbry74's ghost
 18689 | Lair:4   | Found a runed translucent door.
 18758 | Lair:4   | Noticed Atont's ghost (journeyman DDFi)
 18825 | Lair:4   | Found a staircase to the Snake Pit.
 19091 | Lair:4   | Reached XP level 14. HP: 125/146 MP: 19/19
 19815 | Lair:5   | Reached skill level 14 in Unarmed Combat
 20580 | Lair:6   | Entered Level 6 of the Lair of Beasts
 21012 | Lair:6   | Found a staircase to the Slime Pits.
 21842 | Lair:6   | Found a burning altar of Makhleb.
 21989 | Lair:6   | Reached skill level 15 in Unarmed Combat
 22043 | Lair:6   | Found a gateway to Hell.
 22661 | D:12     | Found a staircase to the Orcish Mines.
 22967 | D:12     | Noticed Gastronok
 23025 | D:12     | Killed Gastronok
 23026 | D:12     | Reached XP level 15. HP: 128/156 MP: 21/21
 23464 | D:13     | Noticed Rupert
 23467 | D:13     | Noticed Jorgrun
 23488 | D:13     | Killed Jorgrun
 23622 | D:13     | Killed Rupert
 24767 | D:14     | Found a gate to the Vaults.
 25132 | D:14     | Found a sparkling altar of Nemelex Xobeh.
 25230 | D:15     | Entered Level 15 of the Dungeon
 25505 | D:15     | Reached skill level 10 in Invocations
 25843 | D:15     | Found a blossoming altar of Fedhas.
 25859 | D:15     | Reached skill level 10 in Shields
 25904 | D:15     | Found a staircase to the Depths.
 26383 | D:15     | Found Javet's Magic Scroll Shoppe.
 26391 | D:15     | Bought a scroll of enchant armour for 135 gold pieces
 26391 | D:15     | Bought a scroll of enchant armour for 135 gold pieces
 26391 | D:15     | Bought a scroll of magic mapping for 63 gold pieces
 26820 | Orc:1    | Entered Level 1 of the Orcish Mines
 26920 | Orc:1    | Noticed an orc warlord
 26927 | Orc:1    | Reached skill level 16 in Unarmed Combat
 27114 | Orc:1    | Killed an orc warlord
 27358 | Orc:2    | Entered Level 2 of the Orcish Mines
 28103 | Orc:2    | Found a staircase to the Elven Halls.
 28396 | Orc:2    | Found Yrroliass's General Store.
 28396 | Orc:2    | Found Nouprio's Assorted Antiques.
 28397 | Orc:2    | Found Toutzau's Antique Armour Boutique.
 28399 | Orc:2    | Found Fedwaof's Magic Scroll Emporium.
 28453 | Orc:2    | Bought a scroll labelled SULITO AH XAME for 34 gold pieces
 28453 | Orc:2    | Bought a translucent steel ring for 170 gold pieces
 28453 | Orc:2    | Identified the ring of Orane {Fire Int+4 Stlth+} (You
                  | bought it in a shop on level 2 of the Orcish Mines)
 28453 | Orc:2    | Bought a scroll labelled SOPSOL VAZXEAX for 34 gold pieces
 28463 | Orc:2    | Bought 2 scrolls of fog for 60 gold pieces
 28463 | Orc:2    | Bought a scroll of teleportation for 45 gold pieces
 28465 | Orc:2    | Bought a scroll of blinking for 105 gold pieces
 28465 | Orc:2    | Bought a scroll of magic mapping for 49 gold pieces
 28465 | Orc:2    | Bought a scroll of fog for 28 gold pieces
 28465 | Orc:2    | Bought a scroll of fog for 28 gold pieces
 28895 | Lair:4   | Killed Atont's ghost
 28989 | Swamp:1  | Entered Level 1 of the Swamp
 29211 | Swamp:1  | Reached XP level 16. HP: 148/167 MP: 22/22
 29315 | Swamp:1  | Noticed a tentacled starspawn
 29319 | Swamp:1  | Noticed a tentacled monstrosity
 29321 | Swamp:1  | Noticed Protee's ghost (journeyman DsIE)
 29333 | Swamp:1  | Found a transporter.
 29373 | Swamp:1  | Noticed Frances
 29391 | Swamp:1  | Killed Frances
 29453 | Swamp:1  | Noticed a tentacled starspawn
 29507 | Swamp:1  | Found a one-way gate to the infinite horrors of the Abyss.
 29708 | Swamp:1  | Found a transporter.
 29974 | Swamp:2  | HP: 8/167 [seven-headed hydra (8)]
 29974 | Swamp:2  | Mangled by a goliath frog

Illustrated notes

Levels and vault maps discovered:
D:1:      dpeg_arrival_arbitrary_b, layout_basic,
          ebering_ecumenical_altar_abandoned
D:2:      layout_basic
D:3:      layout_loops_corners, wad_rectangle_vault
D:4:      minmay_polygon_palace, layout_basic,
          minmay_temple_entry_drinking_statues, serial_aquarium,
          aquarium_bridge_straight [aquarium_subvault_bridge,
          aquarium_subvault_wall, aquarium_subvault_bridge,
          aquarium_subvault_window], aquarium_bridge_square
          [aquarium_subvault_window, aquarium_subvault_wall,
          aquarium_subvault_wall, aquarium_subvault_bridge],
          aquarium_window_fake, aquarium_window_3, aquarium_window_1,
          aquarium_window_fake, aquarium_view_2a, aquarium_view_2b,
          serial_park_tiny_2, kennysheep_generic_room_7
D:5:      layout_basic, minmay_misc_feat_rows, uniq_blork_the_orc
D:6:      layout_loops_ring, grunt_ministairs_2, kennysheep_generic_room_10
D:7:      layout_rooms, riverfiend_overflow_shadow_ancestor, minmay_door_square,
          uniq_prince_ribbit1
D:8:      layout_basic, biasface_ghost_orc_armoury, minmay_misc_feat_room,
          minmay_misc_feat_tiny, uniq_harold
D:9:      layout_basic, lair_entry_dummy, nrook_uturn, roderic_serpentine_path,
          grunt_ministairs_9, uniq_maggie
D:10:     layout_big_octagon, serial_shops, nicolae_diamond_shop, shop,
          shop_statue
D:11:     layout_basic, minivault_22, uniq_grum
D:12:     layout_basic, zombieorc1_lemuel, uniq_gastronok
D:13:     layout_loops_cross, uniq_jorgrun, uniq_rupert
D:14:     layout_roguey, david_vaults_2, nemelex_lonely_heart_becter
D:15:     grunt_enter_depths_hoard, layout_stronghold, fedhas_altar_1,
          serial_shops, shop
Temple:   mainiacjoe_temple_cubbyholes
Lair:1:   layout_chaotic_city, gammafunk_ghost_cemetery, serial_bayou_shore_a,
          lemuel_fruit_tree
Lair:2:   layout_regular_city, serial_bayou_shore_b, grunt_megastairs_5
Lair:3:   layout_layer_cave, swamp_mist_pool, basic_altar,
          nicolae_lair_grove_arrangements, beast_lair_carwin_11,
          infiniplex_staircase_pool
Lair:4:   layout_roguey, minmay_snake_entry_guardpost_small,
          portal_ice_cave_rime, hellmonk_ghost_happy_afterlife
Lair:5:   beast_lair_carwin_large_3, layout_gridlike
Lair:6:   evil_forest, layout_gridlike, nicolae_slime_entry_slimehenge,
          grunt_megastairs_3
Swamp:1:  nicolae_swamp_ascending_descending, layout_basic_swamp,
          gammafunk_ghost_abyssal_escape, evilmike_swamp_ruin_wall,
          worms_lemuel, uniq_frances
Swamp:2:  layout_basic_swamp, nicolae_swamp_tree_designs,
          hangedman_swamp_double_dragon, infiniplex_staircase_pool_2
Orc:1:    cheibrodos_orc_arena, layout_diamond_mine, elf_legates
Orc:2:    st_orc_rangers, layout_caves

Skill      XL: |  1  2  3  4  5  6  7  8  9 10 11 12 13 14 15 16 |
---------------+-------------------------------------------------+-----
Unarmed Combat | 1 2 3 4 5 6 8 9 10 12 13 15 16 | 16.5
Fighting       | 2 3 4 5 6 8 9 10 11 12 | 12.5
Dodging        | 2 3 4 5 6 |  6.0
Throwing       | 4 5 6 7 8 |  8.0
Invocations    | 1 2 3 4 5 6 7 8 9 10 | 10.6
Shields        | 3 5 6 9 10 11 | 11.0
Stealth        | |  0.3

Action                   |  1- 3 |  4- 6 |  7- 9 | 10-12 | 13-15 | 16-18 || total
-------------------------+-------+-------+-------+-------+-------+-------++-------
Melee: Unarmed           |    69 |   154 |   357 |   535 |  1298 |    61 ||  2474
       Short sword       |     1 |       |       |       |       |       ||     1
       Punch             |       |     1 |     9 |    25 |    16 |       ||    51
Throw: Stone             |       |    15 |    90 |    68 |     9 |       ||   182
       Dart              |       |       |    28 |   103 |    99 |       ||   230
       Throwing net      |       |       |       |     1 |     1 |       ||     2
       Boomerang         |       |       |       |     5 |    19 |    31 ||    55
       Large rock        |       |       |       |       |     7 |       ||     7
Invok: Upheaval          |       |       |       |     4 |     4 |       ||     8
       Elemental Force   |       |       |       |       |     8 |       ||     8
       Disaster Area     |       |       |       |       |     2 |       ||     2
Evoke: Wand              |       |       |       |    23 |     7 |       ||    30
       Condenser vane    |       |       |       |       |     3 |       ||     3
  Use: Scroll            |       |       |       |    16 |    12 |     1 ||    29
 Stab: Sleeping          |       |     1 |       |       |       |       ||     1
       Held in net/web   |       |       |       |     2 |       |       ||     2
       Paralysed         |       |       |       |     3 |     2 |       ||     5
       Confused          |       |       |       |       |     3 |       ||     3
       Distracted        |       |       |       |       |     1 |       ||     1
Armor: Robe              |    25 |    37 |    60 |    63 |    15 |       ||   200
       Swamp dragon scal |       |       |       |   109 |   312 |    32 ||   453
Dodge: Dodged            |    28 |    80 |   166 |   259 |   433 |    23 ||   989
       Repelled          |       |       |       |     2 |    10 |     1 ||    13
Block: Other             |       |       |    30 |   114 |    46 |       ||   190
       Kite shield       |       |       |       |       |   899 |    70 ||   969

Table legend: (Time is in decaauts)
 A = Elapsed time spent in this place.
 B = Non-inter-level travel time spent in this place.
 C = Inter-level travel time spent in this place.
 D = Time resting spent in this place.
 E = Time spent auto-exploring this place.
 F = Levels seen in this place.
 G = Mean time per level.
                   A        B        C        D        E       F      G
               +--------+--------+--------+--------+--------+-----+--------+
         Total |  29469 |  26999 |   2470 |   1277 |  19336 |  27 | 1091.4 |
       Dungeon |  17396 |  15960 |   1436 |    502 |  11814 |  15 | 1159.7 |
        Temple |    458 |    402 |     56 |      0 |    379 |   1 |  458.0 |
          Lair |   8108 |   7303 |    805 |    395 |   5272 |   6 | 1351.3 |
         Swamp |    784 |    745 |     39 |     19 |    539 |   2 |  392.0 |
  Orcish Mines |   1792 |   1659 |    133 |    334 |    862 |   2 |  896.0 |
      Ice Cave |    927 |    927 |      0 |     27 |    470 |   1 |  927.0 |
               +--------+--------+--------+--------+--------+-----+--------+

Top non-repeatable levels by time:
  Lair:3: 1985 daAuts
     D:9: 1842 daAuts
     D:4: 1588 daAuts
    D:15: 1508 daAuts
     D:5: 1478 daAuts
    D:11: 1433 daAuts
  Lair:6: 1374 daAuts
     D:8: 1373 daAuts
  Lair:5: 1312 daAuts
     D:3: 1288 daAuts
  Lair:2: 1207 daAuts
  Lair:4: 1182 daAuts
    D:12: 1126 daAuts
  Lair:1: 1046 daAuts
     D:6: 1011 daAuts
